Map: Acropolis LE

Players

SortOf

  • Race: Zerg Zerg
  • League: Master
  • Spawn Location: 11:00

RlSky (RiSky) - Winner!

  • Race: Zerg Zerg
  • League: Master
  • Spawn Location: 5:00

Event: HomeStory Cup XIX

VOD

Have the link to the VOD?

Description

Time

  • Played on: June 27, 2019, 2:51 p.m.
  • Length: 7:27

All games in this series

Show
View Real Time Build Order
Export as new Build Order

SortOf Zerg 

Build Orders: Hatch First 

Get SALT Encoding   

  12  0:00  Drone  
  13  0:13  Overlord  
  13  0:17  Drone  
  14  0:31  Drone x2  
  16  0:48  Hatchery  
  15  0:51  Drone  
  15  0:55  Drone  
  17  0:58  Drone  
  18  1:09  Extractor  
  17  1:14  Spawning Pool  
  17  1:17  Drone  
  17  1:20  Drone  
  18  1:29  Drone  
  19  1:40  Drone  
  20  1:51  Overlord  
  20  2:00  Queen x2  
  24  2:03  Drone x2  
  26  2:09  Metabolic Boost  
  26  2:13  Drone x2  
  28  2:23  Drone x2  
  30  2:33  Hatchery  
  30  2:36  Drone  
  30  2:41  Baneling Nest  
  30  2:43  Zergling x2  
  30  2:45  Zergling x2  
  30  2:48  Drone  
  32  2:53  Overlord  
  32  3:01  Drone, Queen  
  35  3:06  Zergling x2  
  35  3:10  Overlord  
  35  3:12  Drone x2  
  38  3:15  Drone  
  38  3:18  Drone  
  38  3:19  Drone  
  41  3:24  Evolution Chamber  
  41  3:26  Drone  
  41  3:33  Drone x3  
  43  3:38  Lair  
  43  3:39  Zergling x2  
  44  3:42  Zergling x2  
  44  3:43  Drone  
  44  3:45  Drone  
  44  3:46  Drone  
  44  3:48  Drone  
  49  3:52  Zerg Melee Weapons Level 1  
  49  3:53  Drone  
  50  3:59  Drone  
  50  4:00  Drone, Extractor x2  
  50  4:03  Overlord  
  50  4:08  Drone x3  
  50  4:09  Baneling  
  52  4:10  Baneling  
  52  4:13  Overlord  
  52  4:16  Drone x3  
  55  4:19  Extractor  
  54  4:24  Roach Warren  
  54  4:28  Zergling x6  
  54  4:29  Drone  
  54  4:30  Drone  
  57  4:32  Drone  
  57  4:35  Drone  
  59  4:39  Drone x2  
  59  4:44  Drone  
  59  4:45  Spire  
  61  4:47  Drone x2  
  61  4:49  Drone  
  61  4:52  Drone x3  
  67  4:55  Extractor  
  67  4:56  Extractor  
  65  5:02  Drone x2  
  65  5:06  Overlord  
  67  5:08  Drone x5  
  72  5:18  Zergling x2, Overlord  
  72  5:19  Zergling x2  
  72  5:25  Drone x5  
  75  5:30  Zergling x4  
  75  5:34  Overlord  
  76  5:35  Zergling x2  
  76  5:36  Zergling x2  
  76  5:37  Baneling  
  76  5:38  Baneling  
  78  5:43  Hatchery  
  78  5:45  Zergling x2  
  77  5:50  Zergling x4  
  77  5:54  Queen  
  79  5:57  Zergling x10  
  83  6:04  Mutalisk  
  83  6:05  Mutalisk x5  
  83  6:10  Zergling x2  
  83  6:11  Zergling x4  
  95  6:15  Mutalisk  
  92  6:22  Mutalisk  
  92  6:24  Mutalisk  
  91  6:27  Roach  
  74  6:43  Zergling x12  
  74  6:47  Zergling x4  
  75  6:53  Mutalisk  
  67  7:02  Mutalisk  
  67  7:08  Drone x2  
Show
View Real Time Build Order
Export as new Build Order

RlSky Zerg - Winner!

Build Orders: Hatch First 

Get SALT Encoding   

  12  0:00  Drone  
  13  0:12  Overlord  
  13  0:16  Drone  
  14  0:30  Drone x2  
  16  0:47  Hatchery  
  16  0:49  Drone  
  16  0:54  Drone  
  16  0:57  Drone  
  18  1:07  Extractor  
  17  1:12  Spawning Pool  
  17  1:15  Drone  
  17  1:18  Drone  
  18  1:27  Drone  
  19  1:38  Drone  
  20  1:49  Overlord  
  20  1:59  Drone, Queen  
  20  2:00  Drone, Queen  
  26  2:09  Metabolic Boost  
  26  2:10  Drone  
  26  2:11  Drone  
  28  2:21  Drone  
  28  2:22  Drone  
  30  2:32  Hatchery  
  30  2:35  Drone  
  30  2:36  Zergling x2  
  31  2:41  Overlord  
  31  2:44  Drone  
  31  2:49  Baneling Nest  
  31  2:53  Drone  
  31  2:55  Drone  
  33  3:03  Drone  
  33  3:05  Drone  
  35  3:08  Drone x2  
  35  3:09  Zergling x8  
  41  3:16  Queen  
  41  3:19  Overlord  
  43  3:22  Drone  
  44  3:27  Evolution Chamber  
  44  3:33  Drone  
  43  3:34  Baneling  
  43  3:39  Drone x2  
  43  3:40  Drone x2  
  47  3:43  Drone x3  
  47  3:44  Drone  
  47  3:46  Drone x2, Extractor  
  47  3:47  Extractor  
  51  3:50  Drone  
  51  3:55  Lair  
  52  3:57  Zergling x2  
  52  3:58  Zergling x2  
  55  4:02  Drone  
  55  4:05  Drone  
  55  4:09  Drone  
  56  4:12  Drone, Roach Warren  
  56  4:18  Drone, Extractor  
  56  4:21  Baneling  
  56  4:22  Drone  
  56  4:23  Zerg Melee Weapons Level 1  
  57  4:29  Overlord  
  57  4:38  Overlord  
  57  4:39  Overlord  
  57  4:47  Drone x2  
  57  4:48  Drone x8, Extractor x2  
  57  4:51  Baneling  
  65  4:56  Spire  
  65  4:59  Zergling x8  
  68  5:02  Overlord  
  68  5:06  Zergling x6  
  70  5:19  Overlord  
  70  5:20  Drone x7  
  76  5:26  Drone x2  
  75  5:32  Zergling x2  
  76  5:36  Zergling x8  
  76  5:40  Baneling x3  
  76  5:41  Zergling x4  
  82  5:47  Zergling x2  
  83  5:50  Zergling x2  
  83  5:58  Zergling x10  
  83  6:00  Baneling x3  
  83  6:02  Zergling x2  
  89  6:10  Zergling x8  
  91  6:18  Mutalisk x4  
  86  6:21  Mutalisk x2  
  96  6:28  Overlord  
  95  6:33  Mutalisk  
  95  6:34  Mutalisk  
  95  6:37  Mutalisk  
  93  6:40  Zergling x2  
  93  6:41  Zergling x2  
  93  6:46  Mutalisk x4  
  101  6:48  Mutalisk  
  101  6:54  Zergling x12  
  100  7:02  Mutalisk x2  
  106  7:10  Hatchery  
Tags
 
Add a new tag
Caveats
  • Supply blocks, unpowered buildings, or Contaminate may cause inaccurate times.
  • Supply counts are checked every 10 seconds.